 Dungeon Crawl Stone Soup version 0.22-a0-480-g991dd4b (webtiles) character file.

24260 GameOver the Black Sun (level 13, -4/105 HPs)
             Began as a Naga Wizard on June 15, 2018.
             Was a High Priest of Kikubaaqudgha.
             Slain by an ice devil (9 damage)
             ... in an ice cave.
             The game lasted 01:18:00 (9954 turns).

GameOver the Black Sun (Naga Wizard)                Turns: 9954, Time: 01:18:01

Health: -4/105     AC:  8    Str: 11    XL:     13   Next: 12%
Magic:  23/23      EV:  9    Int: 27    God:    Kikubaaqudgha [*****.]
Gold:   481        SH:  6    Dex: 11    Spells: 12/26 levels left

rFire    + . .     SeeInvis +   m - +3 war axe (flame)
rCold    . . .     Gourm    .   q - +2 buckler
rNeg     . . .     Faith    +   h - +0 troll leather armour
rPois    +         Spirit   .   (helmet restricted)
rElec    .         Reflect  .   n - +0 cloak
rCorr    .         Harm     .   (no gloves)
MR       +....                  (no barding)
Stlth    ++........             D - amulet of faith
HPRegen  0.67/turn              H - +4 ring of intelligence
MPRegen  0.18/turn              A - ring of protection from fire

@: very slow
A: large, horns 1, see invisible, agile 1, deformed body, sense surroundings 1,
poison resistance, slowness 2, slow metabolism 1, spit poison 1, wild magic 1,
constrict 1, AC +4
a: Spit Poison, Receive Corpses, Torment, Renounce Religion


You were in an ice cave.
You worshipped Kikubaaqudgha.
Kikubaaqudgha was extremely pleased with you.
You were not hungry.

You visited 3 branches of the dungeon, and saw 12 of its levels.
You also visited: Sewer and Ice Cave.

You collected 481 gold pieces.

Inventory:

Hand Weapons
 e - a +2 glaive of freezing
 f - a +2 dagger of electrocution
 k - a +0 quick blade of freezing
 m - a +3 war axe of flaming (weapon)
 p - a +2 hand axe of electrocution
 r - the +5 falchion of Vevilas {venom, rPois Int+4 Dex+2}
   (You found it on level 10 of the Dungeon)

   It poisons the flesh of those it strikes.
   It affects your intelligence (+4).
   It affects your dexterity (+2).
   It protects you from poison.
 t - a +3 spear of venom
 L - a +2 hand axe of flaming
Missiles
 z - 44 sling bullets
Armour
 h - a +0 troll leather armour (worn)
 n - a +0 cloak (worn)
 q - a +2 buckler (worn)
 s - a +1 helmet
 u - a scarf of cloud immunity
Jewellery
 A - a ring of protection from fire (right hand)
 D - an amulet of faith (around neck)
 H - a +4 ring of intelligence (left hand)
Wands
 a - a wand of acid (2)
 b - a wand of flame (10)
 c - a wand of paralysis (7)
 B - a wand of enslavement (20)
 C - a wand of iceblast (9)
 J - a wand of disintegration (16)
 M - a wand of polymorph (34)
Scrolls
 j - 10 scrolls of teleportation
 o - 2 scrolls of amnesia
 v - a scroll of immolation {unknown}
 w - 2 scrolls of remove curse
 E - a scroll of blinking
 F - a scroll of enchant weapon
Potions
 g - 8 potions of curing
 i - a potion of lignification
 l - a potion of haste
 x - 4 potions of flight
 N - a potion of cancellation
Comestibles
 d - 33 rations


   Skills:
 - Level 4.0 Fighting
 - Level 10.0 Short Blades
 + Level 3.5(4.3) Axes
 - Level 3.7(4.4) Polearms
 + Level 4.3 Armour
 - Level 1.5 Dodging
 - Level 3.0 Stealth
 - Level 3.0 Shields
 + Level 7.0 Spellcasting
 + Level 8.4 Conjurations
   Level 1.0 Summonings
 * Level 10.3 Necromancy
 - Level 4.0 Translocations
 - Level 4.0 Poison Magic


You had 12 spell levels left.
You knew the following spells:

 Your Spells              Type           Power        Failure   Level  Hunger
a - Bolt of Draining      Conj/Necr      ######....   7%          5    #####..
b - Blink                 Tloc           N/A          4%          2    None
d - Mephitic Cloud        Conj/Pois/Air  #####...     7%          3    None
q - Animate Dead          Necr           N/A          2%          4    ###....

Your spell library contained the following spells:

 Spells                   Type           Power        Failure   Level  Hunger
 Magic Dart               Conj           ####         1%          1    None
 Conjure Flame            Conj/Fire      #####...     7%          3    None
 Slow                     Hex            ##......     16%         2    None
 Pain                     Necr           ####         1%          1    None
 Animate Skeleton         Necr           N/A          1%          1    None
 Vampiric Draining        Necr           ######....   1%          3    None
 Call Imp                 Summ           ###.....     12%         2    None
 Dispel Undead            Necr           ######..     5%          5    #####..
 Sublimation of Blood     Necr           ######....   1%          2    None
 Death Channel            Necr           ######....   22%         6    ######.
 Borgnjor's Vile Clutch   Necr/Erth      #####.....   32%         5    #####..


Dungeon Overview and Level Annotations

Branches:
Dungeon (10/15)            Temple (1/1) D:4            Lair (1/6) D:9
    Orc: D:9-12

Altars:
Ashenzari
Cheibriados
Dithmenos
Elyvilon
Fedhas
Gozag
Hepliaklqana
Kikubaaqudgha
Makhleb
Nemelex Xobeh
Okawaru
Qazlal
Ru
Trog
Uskayaw
Wu Jian
Xom
Zin

Shops:
D:7 =   D:9 =


Innate Abilities, Weirdness & Mutations

You cannot wear boots.
Your serpentine skin is tough. (AC +4)
You have supernaturally acute eyesight. (SInv)
Armour fits poorly on your strangely shaped body.
Your system is resistant to poisons. (rPois)
You cover ground very slowly.
You have a slow metabolism.
You can spit poison.
You can use your snake-like lower body to constrict enemies.
You have a pair of small horns on your head.
You are agile. (Dex +2)
You passively map a small area around you.
Your spells are a little harder to cast, but a little more powerful.


Message History

The ice devil freezes your rime drake zombie.
Your rime drake zombie resists.
The ice devil hits your rime drake zombie!
Your rime drake zombie is destroyed!
Unknown command.
You hit the ice devil. You burn the ice devil. You grab the ice devil.
The ice devil is moderately wounded.
You constrict the ice devil, but do no damage.
The ice devil hits you!
* * * LOW HITPOINT WARNING * * *
The ice devil freezes you!!
* * * LOW HITPOINT WARNING * * *
Your rime drake zombie bites the ice devil but does no damage.
The ice devil barely misses your rime drake zombie.
The ice devil hits your rime drake zombie!
The ice devil freezes your rime drake zombie.
Your rime drake zombie resists.
The ice devil hits you!
You die...
Kikubaaqudgha rasps: "You have failed me!
Welcome... death!"

...... ≈ .....§# ## , *
....≈§§##, ..# , **
*#..§§§§§# , ....
*.§§§§§####..# , ≈
§§§§§§...##. *
#44§§...... ** ##
##Z4.....#* ###.
###.Z@######≈ ≈###...
##...### ≈####.....
##...###########.......≈
##.≈.##...##.........#.§§
#..###............#.###..
#...##.....##..###### ##.
##..####....##...# ##
###Z..###.###...#
##....###....##


You could see 3 ice devils and 2 friendly rime drake zombies.

Vanquished Creatures
  A hydra (D:8)
  Pikel (D:4)
  An ugly thing (D:9)
  A black mamba (Lair:1)
  Maurice (D:10)
  2 ice statues (IceCv)
  A rime drake (Lair:1)
  2 ice devils (IceCv)
  A troll (D:9)
  2 hippogriffs
  2 dream sheep (D:8)
  A wyvern (D:9)
  21 yaks
  A hungry ghost (D:10)
  Menkaure (D:4)
  The ghost of saradell the Vandal, an amateur HaHu (D:3)
  2 water moccasins (Lair:1)
  5 sky beasts
  9 ice beasts
  A phantom (D:8)
  4 orc warriors
  2 black bears
  A necrophage (D:6)
  3 ogres
  4 centaurs
  6 big kobolds
  2 crocodiles
  8 bullfrogs
  A water moccasin zombie (D:8)
  2 scorpions
  15 killer bees
  4 howler monkeys
  6 crimson imps
  7 hounds
  2 jellies
  11 orc wizards
  A bullfrog skeleton (D:6)
  6 orc priests
  Crazy Yiuf (D:4)
  An iguana (D:10)
  9 worker ants
  2 hound zombies
  A hound skeleton (D:6)
  A worker ant zombie (D:3)
  Robin (D:2)
  8 adders
  4 gnolls
  3 river rats (Sewer)
  3 shadow imps
  4 white imps (IceCv)
  6 ufetubi (IceCv)
  4 oozes
  2 adder zombies (D:9)
  2 adder skeletons
  2 worms (D:6)
  3 dart slugs
  5 leopard geckos
  44 orcs
  8 giant cockroaches
  17 goblins
  8 hobgoblins
  11 jackals
  2 quokkas
  2 ball pythons
  3 bats
  7 frilled lizards
  14 kobolds
  A leopard gecko skeleton (D:3)
  2 quokka skeletons (D:4)
  13 rats
  A plant (D:4)
337 creatures vanquished.

Vanquished Creatures (others)
  3 white imps (IceCv)
  7 ufetubi (IceCv)
  A leopard gecko zombie (D:5)
  A fungus (D:9)
  2 plants
14 creatures vanquished.

Grand Total: 351 creatures vanquished

Notes
Turn   | Place    | Note
-------+----------+-------------------------------------------
     0 | D:1      | GameOver the Naga Wizard began the quest for the Orb.
     0 | D:1      | Reached XP level 1. HP: 15/15 MP: 4/4
   195 | D:1      | Reached XP level 2. HP: 10/22 MP: 1/6
   989 | D:2      | Reached XP level 3. HP: 28/28 MP: 3/7
   993 | D:2      | Learned a level 2 spell: Blink
   997 | D:2      | Learned a level 3 spell: Mephitic Cloud
  1101 | D:2      | Noticed Robin
  1109 | D:1      | Reached XP level 4. HP: 19/36 MP: 4/8
  1356 | D:2      | Killed Robin
  1721 | D:3      | Noticed saradell's ghost (amateur HaHu)
  1730 | D:3      | Reached XP level 5. HP: 42/42 MP: 0/9
  1818 | D:3      | Reached skill level 1 in Polearms
  1941 | D:4      | Noticed Menkaure
  2116 | D:4      | Killed Menkaure
  2116 | D:4      | Reached skill level 5 in Conjurations
  2116 | D:4      | Reached XP level 6. HP: 25/49 MP: 1/10
  2311 | D:4      | Noticed Pikel
  2404 | D:4      | Reached XP level 7. HP: 50/55 MP: 1/11
  2614 | D:4      | Found a staircase to the Ecumenical Temple.
  2645 | Temple   | Entered the Ecumenical Temple
  2654 | Temple   | Became a worshipper of Kikubaaqudgha
  2737 | D:4      | Killed Pikel
  2737 | D:4      | Reached XP level 8. HP: 68/68 MP: 8/12
  2828 | D:4      | Found a runed door.
  2832 | D:4      | Noticed Crazy Yiuf
  2837 | D:4      | Killed Crazy Yiuf
  3086 | D:3      | Killed saradell's ghost
  3338 | D:5      | Entered Level 5 of the Dungeon
  3502 | D:5      | Reached * piety under Kikubaaqudgha
  3502 | D:5      | Identified Kikubaaqudgha's Compendium of Evil (Kikubaaqudgha gifted it to you on level 5 of the Dungeon)
  3502 | D:5      | Received a gift from Kikubaaqudgha
  3894 | D:6      | Reached skill level 5 in Short Blades
  3968 | D:6      | Found a glowing drain.
  3996 | Sewer    | Entered a sewer
  4108 | Sewer    | Found a white marble altar of Elyvilon.
  4281 | D:6      | Reached XP level 9. HP: 71/78 MP: 7/13
  4294 | D:6      | Found a burning altar of Makhleb.
  4406 | D:6      | Found a shadowy altar of Dithmenos.
  4406 | D:6      | Found a sparkling altar of Nemelex Xobeh.
  4411 | D:6      | Found a blossoming altar of Fedhas.
  4413 | D:6      | Found a burning altar of Makhleb.
  4414 | D:6      | Found an ornate altar of the Wu Jian Council.
  4456 | D:6      | Reached ** piety under Kikubaaqudgha
  4793 | D:7      | Reached skill level 1 in Necromancy
  5610 | D:7      | Found Ryassyhi's Jewellery Boutique.
  5627 | D:8      | Found a stormy altar of Qazlal.
  5702 | D:8      | Reached *** piety under Kikubaaqudgha
  5702 | D:8      | Identified Kikubaaqudgha's Volume of Unholy Rituals (Kikubaaqudgha gifted it to you on level 8 of the Dungeon)
  5702 | D:8      | Received a gift from Kikubaaqudgha
  5748 | D:8      | Reached XP level 10. HP: 26/84 MP: 2/14
  6520 | D:8      | Found a hazy altar of Hepliaklqana.
  6520 | D:8      | Found a shattered altar of Ashenzari.
  6686 | D:8      | Noticed a three-headed hydra
  6728 | D:8      | Reached skill level 5 in Necromancy
  6919 | D:8      | Killed a three-headed hydra
  6919 | D:8      | Reached **** piety under Kikubaaqudgha
  7057 | D:9      | Found Vieghuul's Jewellery Shoppe.
  7328 | D:9      | Reached XP level 11. HP: 89/92 MP: 13/17
  7335 | D:9      | Reached skill level 10 in Short Blades
  7497 | D:9      | Found a staircase to the Lair.
  7660 | D:9      | Reached ***** piety under Kikubaaqudgha
  7692 | D:9      | Reached skill level 1 in Shields
  7861 | D:10     | Entered Level 10 of the Dungeon
  7871 | D:10     | Noticed a white ugly thing
  7882 | D:10     | Reached skill level 5 in Spellcasting
  7906 | D:9      | Gained mutation: You are agile. (Dex +2) [potion of mutation]
  7906 | D:9      | Gained mutation: You passively map a small area around you. [potion of mutation]
  7906 | D:9      | Gained mutation: You have a pair of small horns on your head. [potion of mutation]
  7906 | D:9      | Gained mutation: Your spells are a little harder to cast, but a little more powerful. [potion of mutation]
  7912 | D:9      | Killed a white ugly thing
  7912 | D:9      | Reached skill level 1 in Armour
  8224 | D:10     | Got an encrusted falchion
  8338 | D:10     | Identified the +5 falchion of Vevilas {venom, rPois Int+4 Dex+2} (You found it on level 10 of the Dungeon)
  8685 | D:10     | Noticed Maurice
  8702 | D:10     | Killed Maurice
  8733 | D:10     | Learned a level 5 spell: Bolt of Draining
  9315 | Lair:1   | Entered Level 1 of the Lair of Beasts
  9482 | Lair:1   | Reached XP level 12. HP: 87/99 MP: 10/20
  9520 | Lair:1   | Found a frozen archway.
  9534 | IceCv    | Entered an ice cave
  9596 | IceCv    | Reached skill level 10 in Necromancy
  9596 | IceCv    | Gained mutation: You can use your snake-like lower body to constrict enemies. [Naga growth]
  9596 | IceCv    | Reached XP level 13. HP: 34/105 MP: 18/23
  9904 | IceCv    | Learned a level 4 spell: Animate Dead
  9954 | IceCv    | HP: 5/105 [ice devil (18)]
  9954 | IceCv    | Slain by an ice devil

Vault maps used:
D:1:      dpeg_arrival_long_road, minmay_misc_feat_cross,
          corexii_item_surrounded_by_moat
D:2:      uniq_robin
D:3:      serial_undead, serial_undead_f, serial_undead_c, serial_undead_f,
          serial_undead_d
D:4:      temple_green, lexackson_kobold_supper, uniq_crazy_yiuf_cottage,
          uniq_pikel, uniq_menkaure
D:5:      first_ration, lemuel_flamethrower_2
D:6:      chequers_temple_overflow_minitemple, cheibrodos_sewer_entry_bend,
          grunt_decor_fettered, makhleb_blood_cavern_becter
D:7:      serial_co_window_serial, co_window_paths_a, co_window_corner_a,
          co_window_corner_a, co_window_corner_a, co_window_paths_a,
          co_window_of_opportunity_a, co_window_corner_a,
          co_window_unsneaky_path_b, co_window_unsneaky_path_a,
          co_window_cross_3, co_window_broadway_b, co_window_broadway_b,
          glass_columns_a, serial_shops, shop
D:8:      overflow_temple_1_default, gammafunk_temple_overflow_elements,
          hangedman_ranch
D:9:      grunt_lair_entry_orc_guard_hut, serial_shops, nicolae_shop_waterfront
D:10:     hangedman_decor_riveting, kennysheep_decorative_pillar, uniq_maurice
Temple:   eino_temple_lava
Lair:1:   portal_ice_cave_entry_ice_beasts, grunt_megastairs_2
Sewer:    sewer_kobolds
IceCv:    ice_cave_small_demon

Skill      XL: |  1  2  3  4  5  6  7  8  9 10 11 12 13 |
---------------+----------------------------------------+-----
Conjurations   | 2 3 4 5 6 7 8 |  8.4
Polearms       | 2 3 |  3.7
Fighting       | 2 4 |  4.0
Short Blades   | 3 5 8 9 10 | 10.0
Poison Magic   | 3 4 |  4.0
Translocations | 2 4 |  4.0
Necromancy     | 3 6 8 10 | 10.3
Spellcasting   | 4 5 6 7 |  7.0
Shields        | 3 |  3.0
Armour         | 2 4 |  4.3
Axes           | 3 |  3.5
Dodging        | |  1.5
Stealth        | |  3.0
Summonings     | |  1.0

Action                   |  1- 3 |  4- 6 |  7- 9 | 10-12 | 13-15 || total
-------------------------+-------+-------+-------+-------+-------++-------
Melee: Spear             |    18 |    74 |    19 |    60 |       ||   171
       Dagger            |       |       |   219 |   433 |       ||   652
       Headbutt          |       |       |       |    15 |    12 ||    27
       War axe           |       |       |       |     6 |    47 ||    53
       Constrict         |       |       |       |       |     8 ||     8
 Cast: Magic Dart        |    32 |    95 |   170 |   120 |       ||   417
       Mephitic Cloud    |       |     2 |    10 |    28 |       ||    40
       Blink             |       |       |     9 |     9 |     1 ||    19
       Bolt of Draining  |       |       |       |     6 |     1 ||     7
       Animate Dead      |       |       |       |       |     1 ||     1
Invok: Receive Corpses   |       |       |       |       |     1 ||     1
 Abil: Spit Poison       |    25 |    32 |    56 |    85 |       ||   198
Evoke: Wand              |       |       |       |    19 |     1 ||    20
  Use: Scroll            |       |     8 |     2 |     5 |     1 ||    16
       Potion            |       |       |     2 |    11 |     2 ||    15
 Stab: Confused          |       |     2 |     2 |    18 |       ||    22
       Sleeping          |       |       |     1 |       |       ||     1
       Distracted        |       |       |       |       |     1 ||     1
  Eat: Chunk             |     1 |     6 |    14 |    20 |     1 ||    42
       Ration            |       |       |       |       |     1 ||     1
Armor: Robe              |     3 |     1 |       |       |       ||     4
       Animal skin       |       |    42 |    63 |    44 |       ||   149
       Troll leather arm |       |       |       |    43 |    31 ||    74
       Skin              |       |       |       |     6 |    14 ||    20
Dodge: Dodged            |    25 |    74 |    85 |   102 |    30 ||   316
Block: Buckler           |       |       |       |    25 |    23 ||    48

Table legend:
 A = Spawn XP
 B = Non-spawn XP
 C = Spawn XP percentage of total XP
 D = Spawn monster count
 E = Non-spawn monster count
 F = Spawn count percentage of total count
 G = Total turns spent on level
                    A         B        C        D         E        F      G
               +---------+---------+-------+---------+---------+-------+---------
         Total |       0 |   20480 |   0.0 |       0 |     336 |   0.0 |  9954
               +---------+---------+-------+---------+---------+-------+---------
           D:1 |       0 |      46 |   0.0 |       0 |      17 |   0.0 |  1063
           D:2 |       0 |     110 |   0.0 |       0 |      28 |   0.0 |   649
           D:3 |       0 |     291 |   0.0 |       0 |      27 |   0.0 |   571
           D:4 |       0 |    1162 |   0.0 |       0 |      36 |   0.0 |  1036
           D:5 |       0 |     306 |   0.0 |       0 |      13 |   0.0 |   551
           D:6 |       0 |     843 |   0.0 |       0 |      24 |   0.0 |   681
           D:7 |       0 |    1079 |   0.0 |       0 |      23 |   0.0 |   901
           D:8 |       0 |    4293 |   0.0 |       0 |      48 |   0.0 |  1366
           D:9 |       0 |    3796 |   0.0 |       0 |      39 |   0.0 |   974
          D:10 |       0 |    4079 |   0.0 |       0 |      43 |   0.0 |  1348
        Lair:1 |       0 |    2624 |   0.0 |       0 |      15 |   0.0 |   219
         Sewer |       0 |     147 |   0.0 |       0 |       9 |   0.0 |   156
         IceCv |       0 |    1704 |   0.0 |       0 |      14 |   0.0 |   420
               +---------+---------+-------+---------+---------+-------+---------
